ElectroGuy, lawful female human Knight ------ ---- ---- --.|..|--- --------- |..| ---- |..---------------- -------- |.....--.----...--..| |..-- --..--- |.^..............^---- |......---.........|.........-----------...--|.....-- ---...--------.^.....-- |.....(.................(....(..............|--.....| --..--- |.%).....| ---...........................).---------...| |.....| --...-- ---..[...-------........I.......)......(.....----- |.--- ---...| --....--- --....................u........................| |.| |...-- |.......| ---...-----..----........>.-----.....--...)..-- |.| |..^.| |.......| |....| |..| |.........-------....--.%)..-- |.| ---...-- --...---- --...| ---- |.....-.--...............*..| |.| ---....-- ----- --..| |.---...--.------...........| |.---......-- ---- |...|.|....| ---.......%..| |...........-- ---...|..--- |...--....^)-- |............| ---...|--- ---.---|....<)| |....---....-- ----|...|.--- --...| |.....-- --...-- --...| --.|.|.--|...| |...-- --..--- |...-- --...| |......| |...| |...| ---- |...| |...-- --.|.--- --.-- --.-- ----- ----- ----- --- --- ElectroGuy the Bachelor Experience level: 8 Strength: 18 Dexterity: 9 Constitution: 16 Intelligence: 7 Wisdom: 13 Charisma: 17 Health: 0(67) Energy: 53(53) Def: 10 Gold: 2058 Moves: 7488 Dungeon seed: 7-bFwZeGKEV-FAaP Game ID: ElectroGuy_1577621768 Your Inventory: Coins $ - 2058 gold pieces Weapons a - the blessed rustproof +1 Excalibur (weapon in hand) b - a +1 lance H - 9 +0 daggers (in quiver) Armor f - an uncursed +0 elven mithril-coat (being worn) n - an uncursed +0 helmet (being worn) q - an uncursed +0 small shield (being worn) r - an uncursed +0 pair of leather gloves (being worn) M - an uncursed +0 dwarvish cloak (being worn) N - a cursed -1 mummy wrapping Y - an uncursed +0 pair of iron shoes (being worn) Comestibles c - 7 uncursed apples d - 10 uncursed carrots k - an uncursed egg m - an uncursed egg s - an uncursed tin of gnome meat t - an uncursed tin of quasit meat C - 11 cursed carrots D - a cursed egg E - 2 cursed food rations F - an uncursed tripe ration Z - 2 uncursed food rations Rings v - an uncursed ring of slow digestion (on left hand) A - an uncursed ring of slow digestion (on right hand) Wands I - a wand of digging (0:7) X - a wand of undead turning (0:3) Tools g - an uncursed tin whistle h - 4 uncursed wax candles (0:400) i - an uncursed skeleton key l - an uncursed magic lamp w - an uncursed tallow candle (0:200) B - an uncursed towel K - a tinning kit (0:92) L - an uncursed brass lantern (lit) (0:625) P - an uncursed mirror Q - an uncursed blindfold T - an uncursed tin opener V - a magic marker (0:76) Gems e - 2 uncursed worthless pieces of yellowish brown glass o - an uncursed worthless piece of white glass p - an uncursed flint stone u - 4 uncursed worthless pieces of orange glass x - 2 uncursed topaz stones y - 6 uncursed worthless pieces of blue glass G - an uncursed worthless piece of violet glass J - an uncursed luckstone O - an uncursed worthless piece of yellow glass S - 2 uncursed worthless pieces of green glass U - 6 uncursed worthless pieces of red glass W - an uncursed sapphire Spells and supernatural/magical abilities: Name Level Category Fail Memory W - pray for help -- divine ? -- X - turn undead -- divine ? -- Y - supernatural jump -- ability ? -- Your skills at the end: Fighting Skills riding [Basic] Weapon Skills dagger [Basic] long sword [Expert] lance [Basic] Spellcasting Skills Final Attributes: You were piously aligned. You were poison resistant. You were level-drain resistant. You were telepathic. You had automatic searching. You could jump. You were riding Billy. You had slower digestion. You were lucky. You had extra luck. Bad luck did not time out for you. Good luck did not time out for you. You are dead. Vanquished creatures: a ghost a giant mimic a small mimic a quantum mechanic 4 trolls a tiger an incubus 2 giant spiders 5 gnome kings an orc mummy 2 owlbears a werewolf a lizard a dog a dingo 2 jaguars a raven a gnome mummy 2 snakes a water nymph 3 Mordor orcs a rock piercer a pony 2 fog clouds 3 yellow lights 12 gnome lords 5 gnomish wizards a kobold mummy a golden naga hatchling a gray ooze 2 elf zombies 2 straw golems a floating eye 11 dwarves a homunculus 2 kobold lords 4 kobold shamans a rothe a centipede a giant bat 2 monkeys an orc zombie a wererat an acid blob 3 coyotes 5 hobbits a yellow mold 55 gnomes 5 garter snakes a gnome zombie 2 geckos 8 jackals 3 foxes 3 kobolds a goblin 2 sewer rats 7 grid bugs 12 lichens a kobold zombie 9 newts 210 creatures vanquished. Voluntary challenges: You used a wielded weapon 212 times, starting on turn 110. You read items or engraved 22 times, starting on turn 4. You never genocided any monsters. You never polymorphed an object. You never changed form. You used no wishes. You never split a pudding. You wrote Elbereth's name 9 times, starting on turn 259. You violated your moral code, losing 148 points of alignment, starting on turn 2113. Dungeon overview: The Dungeons of Doom: levels 1 to 3 Level 1 a fountain a long staircase Level 2 a fountain Level 3 stairs to The Gnomish Mines The Gnomish Mines: levels 4 to 11 Level 4 stairs to The Dungeons of Doom Level 5 Level 6 some shops, a temple to Brigit, some fountains Level 7 Level 8 Level 9 Level 10 <- You were here Level 11 a fountain History has recorded: On T:1 you entered the Dungeons of Doom to retrieve the Amulet of Yendor! On T:351 you advanced to experience level 2. On T:995 you advanced to experience level 3. On T:1756 you reached level 2 of The Dungeons of Doom. On T:2210 you reached level 3 of The Dungeons of Doom. On T:2536 you reached level 1 of The Gnomish Mines. On T:2565 you advanced to experience level 4. On T:2865 you advanced to experience level 5. On T:3869 you reached level 2 of The Gnomish Mines. On T:3920 you advanced to experience level 6. On T:4155 you reached level 3 of The Gnomish Mines. On T:4948 you advanced to experience level 7. On T:5044 you reached level 4 of The Gnomish Mines. On T:5308 you reached level 5 of The Gnomish Mines. On T:5633 you reached level 6 of The Gnomish Mines. On T:5749 you advanced to experience level 8. On T:6023 you reached level 7 of The Gnomish Mines. On T:6364 you reached level 8 of The Gnomish Mines. Score breakdown: Gold: 2058 (11271 points) Experience: 8 levels (14739 points) Exploration: 11 levels ( 23.91%) (14142 points) Discoveries: 17 items ( 6.91%) ( 7886 points) Valuables value: (no points given unless you survive) Artifact value: 4000 (12253 points) Variety of kills: 60 monsters ( 15.75%) (11905 points) Turncount: 7488 turns (-1951 points) Survival: died (score multiplied by 80%) Total score: 56196 Latest messages: You attack thin air. It rises from the dead! Wait! There's something there you can't see! It misses Billy. It hits Billy. It bites Billy. Billy hits it. Billy bites it. You hit it. It hits! (2x) It bites! It misses. It hits! It bites! You kill it! You attack thin air. It rises from the dead! Wait! There's something there you can't see! It hits! (2x) It bites! It hits! (2x) You die... Final status: Fare thee well ElectroGuy the Knight, killed by an invisible troll... You died in The Gnomish Mines on dungeon level 10 with 56196 points, and 2058 pieces of gold, after 7488 moves. You were level 8 with a maximum of 67 hit points when you died.